 Dungeon Crawl Stone Soup version 0.30-a0-996-ga6910c8ee8 (webtiles) character file.

Game seed: 16157466176064009747

992 dialectric the Slasher (level 7, -7/54 HPs)
             Began as a Demonspawn Fighter on Apr 4, 2023.
             Was a Believer of Makhleb.
             Mangled by a gnoll sergeant
             ... wielding a +2 trident of venom
              (15 damage)
             ... on level 4 of the Dungeon.
             The game lasted 00:05:47 (4747 turns).

dialectric the Slasher (Demonspawn Fighter)         Turns: 4747, Time: 00:05:48

Health: -7/54      AC: 14    Str: 24    XL:     7   Next: 98%
Magic:  7/7        EV: 11    Int:  9    God:    Makhleb [**....]
Gold:   294        SH:  4    Dex: 13    Spells: 6/6 levels left

rFire   . . .      SeeInvis .    a - +0 long sword
rCold   . . .      Faith    .    (no shield)
rNeg    . . .      Spirit   .    b - +0 scale mail
rPois   .          Reflect  .    (no helmet)
rElec   .          Rampage  .    A - +0 cloak
rCorr   +                        (no gloves)
Will    .....                    E - +2 pair of boots Stlth
                                 k - amulet of the acrobat
HPRegen 0.29/turn                f - +6 ring of strength
MPRegen 0.10/turn                o - ring of resist corrosion

@: lethally poisoned (-7 -> -34)
A: claws 2, slimy green scales 2, condensation shield
a: Renounce Religion, Minor Destruction


You were on level 4 of the Dungeon.
You worshipped Makhleb.
Makhleb was pleased with you.
You visited 1 branch of the dungeon, and saw 5 of its levels.

You collected 294 gold pieces.

Inventory:

Hand Weapons
 a - a +0 long sword (weapon)
 y - a +4 quarterstaff of chaos
 D - a +0 scimitar
Missiles
 x - 6 poisoned darts (quivered)
Armour
 b - a +0 scale mail (worn)
 c - a +1 buckler
 A - a +0 cloak (worn)
 E - a +2 pair of boots (worn)
Jewellery
 f - a +6 ring of strength (left claw)
 k - an amulet of the acrobat (around neck)
 o - a ring of resist corrosion (right claw)
 B - a ring of poison resistance
Wands
 d - a wand of flame (3)
 s - a wand of mindburst (14)
 C - a wand of digging (7)
Scrolls
 g - a scroll of immolation {unknown}
 l - a scroll of amnesia {unknown}
 m - 4 scrolls of identify
 n - 2 scrolls of blinking {unknown}
 p - 5 scrolls of poison {unknown}
 r - 2 scrolls of teleportation {unknown}
 t - a scroll of brand weapon {unknown}
 u - a scroll of fog {unknown}
 v - a scroll of enchant weapon {unknown}
 w - 2 scrolls of vulnerability {unknown}
Potions
 e - 2 potions of lignification
 h - a potion of curing
 i - a potion of mutation {unknown}
 j - a potion of ambrosia
 q - 2 potions of haste
 z - a potion of magic {unknown}
 F - a potion of might


   Skills:
 - Level 4.1 Fighting
 + Level 6.3 Long Blades
 + Level 4.6 Armour
 - Level 3.0 Dodging
 + Level 2.8 Shields


You had 6 spell levels left.
You didn't know any spells.
Your spell library contained the following spells:

 Spells                   Type           Power      Damage    Failure   Level
 Necrotise                Necr           0%         1d4       67%         1
 Shock                    Conj/Air       0%         1d3       67%         1
 Lesser Beckoning         Tloc           0%         N/A       82%         2
 Frozen Ramparts          Ice            0%         1d1       96%         3
 Gell's Gravitas          Tloc           0%         N/A       96%         3
 Swiftness                Air            0%         N/A       96%         3
 Teleport Other           Tloc           0%         N/A       96%         3
 Vampiric Draining        Necr           0%         2d6       96%         3
 Airstrike                Air            0%         2d(0-16)  100%        4
 Ice Form                 Ice/Tmut       0%         N/A       100%        4
 Summon Ice Beast         Ice/Summ       0%         N/A       100%        4
 Agony                    Necr           0%         N/A       100%        5


Dungeon Overview and Level Annotations

Branches:
Dungeon (5/15)             Temple (0/1) D:5

Altars:
Makhleb
Vehumet

Annotations:
D:5 exclusion: oklob sapling


Innate Abilities, Weirdness & Mutations

You have very sharp fingernails.
You are mostly covered in slimy green scales. (AC +3)
A meltable shield of frost defends you. (SH +4)


Message History

You are no longer poisoned.
You start resting.
HP restored.
This staircase leads to a travel-excluded area!
Enter next level anyway?
Okay, then.
This staircase leads to a travel-excluded area!
Enter next level anyway?
You climb downwards.
Level annotation: exclusion: oklob sapling The gnoll sergeant barely misses you.
The gnoll sergeant hits you with a +2 trident of venom.
You are poisoned.
There is a stone staircase leading up, spattered with blood here.
You feel very sick.
The gnoll sergeant hits you but does no damage.
You are more poisoned.
You climb upwards.
You feel very sick.
There is a stone staircase leading down here.
Unknown command.
Unknown command.
You barely miss the gnoll sergeant.
You feel very sick.
The gnoll sergeant hits you but does no damage.
You are more poisoned.
You closely miss the gnoll sergeant.
You feel very sick.
The gnoll sergeant completely misses you.
You hit the gnoll sergeant.
The gnoll sergeant is lightly wounded.
You feel very sick.
The gnoll sergeant hits you with a +2 trident of venom!
You are lethally poisoned!
You barely miss the gnoll sergeant.
The gnoll sergeant is lightly wounded.
* * * LOW HITPOINT WARNING * * *
You feel extremely sick.
The gnoll sergeant hits you with a +2 trident of venom!
You die...

###.#.....
##...#.....
#####..###...#.
###.....####...#.
##.....#.......##.
##..........>...#).
#.............[.#))
#.g.............#..
#.@)............#..
#.).............#..
#...............##)
#..........(..>.##.
##............<.###
##...........##.~#
#####.#..#.###.~#
##.#....###~~#
###......##.~~≈#


You could see a gnoll sergeant.

Vanquished Creatures
  Sigmund (D:2)
  Menkaure (D:4)
  An ogre (D:2)
  2 phantoms
  2 kobold brigands (D:4)
  Crazy Yiuf (D:2)
  A jelly (D:5)
  2 sleepcaps
  2 iguanas (D:3)
  3 gnolls
  8 adders
  3 worms
  A dart slug (D:4)
  An orc (D:3)
  6 endoplasms
  2 giant cockroaches (D:3)
  5 goblins
  7 hobgoblins
  4 jackals
  3 quokkas
  6 ball pythons
  4 bats
  2 frilled lizards
  9 kobolds
  A rat (D:3)
78 creatures vanquished.

Notes
Turn   | Place    | Note
-------+----------+-------------------------------------------
     0 | D:1      | dialectric the Demonspawn Fighter began the quest for the
                  | Orb.
     0 | D:1      | Reached XP level 1. HP: 18/18 MP: 1/1
   527 | D:1      | Gained mutation: A meltable shield of frost defends you.
                  | (SH +4) [demonic ancestry]
   527 | D:1      | Reached XP level 2. HP: 24/24 MP: 2/2
   929 | D:2      | Found the +2 ratskin cloak {*Rats rPois rN+ Str-1 Int-1
                  | Dex+1}
   977 | D:2      | Reached skill level 2 in Long Blades
  1132 | D:2      | Noticed Sigmund
  1147 | D:2      | Killed Sigmund
  1148 | D:2      | Reached skill level 3 in Long Blades
  1148 | D:2      | Gained mutation: You are partially covered in slimy green
                  | scales. (AC +2) [demonic ancestry]
  1148 | D:2      | Reached XP level 3. HP: 15/30 MP: 3/3
  1148 | D:2      | Reached XP level 4. HP: 18/37 MP: 4/4
  1148 | D:2      | Gained mutation: You are mostly covered in slimy green
                  | scales. (AC +3) [demonic ancestry]
  1148 | D:2      | Reached XP level 5. HP: 21/42 MP: 5/5
  1315 | D:2      | Found a runed translucent door.
  1453 | D:3      | Reached skill level 4 in Long Blades
  1559 | D:3      | Noticed an ogre
  1599 | D:2      | Killed an ogre
  1600 | D:2      | Reached skill level 1 in Dodging
  1600 | D:2      | Gained mutation: You have sharp fingernails. [demonic
                  | ancestry]
  1600 | D:2      | Reached XP level 6. HP: 39/48 MP: 6/6
  1668 | D:3      | Found a faded altar of an unknown god.
  1712 | D:3      | Prayed at the altar of an unknown god.
  1712 | D:3      | Became a worshipper of Makhleb the Destroyer
  1712 | D:3      | Reached * piety under Makhleb
  2332 | D:4      | Reached skill level 5 in Long Blades
  2727 | D:4      | Gained mutation: You have very sharp fingernails. [demonic
                  | ancestry]
  2727 | D:4      | Reached XP level 7. HP: 54/54 MP: 7/7
  2875 | D:4      | Reached ** piety under Makhleb
  3041 | D:4      | Noticed Menkaure
  3053 | D:4      | Killed Menkaure
  3419 | D:2      | Noticed Crazy Yiuf
  3438 | D:2      | Killed Crazy Yiuf
  3848 | D:5      | Entered Level 5 of the Dungeon
  3942 | D:5      | Reached skill level 6 in Long Blades
  4079 | D:5      | Found a staircase to the Ecumenical Temple.
  4203 | D:5      | Found a radiant altar of Vehumet.
  4747 | D:4      | Mangled by a gnoll sergeant

Illustrated notes

Levels and vault maps discovered:
D:1:      psy_arrival_radial01, layout_loops_ring
D:2:      layout_basic, serial_shops,
          nicolae_shop_temple_entry_statues_fountains, uniq_crazy_yiuf_cottage,
          uniq_sigmund
D:3:      layout_loops_cross, hellmonk_ecumenical_altar_crossroads,
          kennysheep_generic_room_8
D:4:      cheibrodos_thug_alley, layout_rooms, roderic_roman_lattice,
          uniq_menkaure
D:5:      layout_gridville, mainiacjoe_overflow_concentric_impassable,
          minmay_temple_entry_oklob

Skill      XL: |  1  2  3  4  5  6  7 |
---------------+----------------------+-----
Armour         | 3 4 |  4.6
Long Blades    | 3 4 5 6 |  6.3
Fighting       | 4 |  4.1
Dodging        | 1 2 3 |  3.0
Shields        | |  2.8

Action                     |  1- 3 |  4- 6 |  7- 9 || total
---------------------------+-------+-------+-------++-------
  Melee: Long sword        |    64 |   183 |   153 ||   400
         Punch             |     2 |     1 |     2 ||     5
  Evoke: Wand              |       |     1 |     2 ||     3
    Use: Potion            |     1 |       |     4 ||     5
         Scroll            |       |     2 |     1 ||     3
 Armour: Scale mail        |    23 |   116 |    73 ||   212
         Skin              |       |       |    13 ||    13
  Dodge: Dodged            |    28 |   116 |    87 ||   231
  Block: Other             |     9 |    39 |    33 ||    81

Table legend: (Time is in decaauts)
 A = Elapsed time spent in this place.
 B = Non-inter-level travel time spent in this place.
 C = Inter-level travel time spent in this place.
 D = Time resting spent in this place.
 E = Time spent auto-exploring this place.
 F = Levels seen in this place.
 G = Mean time per level.
                   A        B        C        D        E       F      G
               +--------+--------+--------+--------+--------+-----+--------+
         Total |   4809 |   4606 |    203 |    545 |   3094 |   5 |  961.8 |
       Dungeon |   4809 |   4606 |    203 |    545 |   3094 |   5 |  961.8 |
               +--------+--------+--------+--------+--------+-----+--------+

Top non-repeatable levels by time:
     D:4: 1401 daAuts
     D:2: 996 daAuts
     D:3: 926 daAuts
     D:1: 849 daAuts
     D:5: 636 daAuts
